 Dungeon Crawl Stone Soup version 0.22-a0-395-gfed312b (webtiles) character file.

40 4thArraOfDagon the Magician (level 3, 0/24 HPs)
             Began as a Mummy Fire Elementalist on May 3, 2018.
             Slain by a worker ant (6 damage)
             ... on level 3 of the Dungeon.
             The game lasted 00:02:40 (560 turns).

4thArraOfDagon the Magician (MuFE)                   Turns: 560, Time: 00:02:41

Health: 0/24       AC:  2    Str: 11    XL:     3   Next: 30%
Magic:  1/7        EV: 12    Int: 15    God:
Gold:   80         SH:  0    Dex: 12    Spells: 4/8 levels left

rFire    x . .     SeeInvis .   b - +0 mace
rCold    + . .     Gourm    .   (no shield)
rNeg     + + +     Faith    .   a - +0 robe
rPois    ∞         Spirit   .   (no helmet)
rElec    .         Reflect  .   (no cloak)
rCorr    .         Harm     .   (no gloves)
MR       .....                  (no boots)
Stlth    ++........             (no amulet)
HPRegen  0.08/turn              (no ring)
MPRegen  0.10/turn              (no ring)

@: very slightly contaminated
A: no food or potions, fire vulnerability, cold resistance 1, negative energy
resistance 3, torment resistance, unbreathing
a: no special abilities


You were on level 3 of the Dungeon.
You were not hungry.

You visited 1 branch of the dungeon, and saw 4 of its levels.

You collected 80 gold pieces.

Inventory:

Hand Weapons
 b - a +0 mace (weapon)
Armour
 a - a +0 robe (worn)
Scrolls
 c - a scroll of magic mapping {unknown}


   Skills:
 - Level 1.5 Dodging
 - Level 1.5 Stealth
 + Level 3.2 Spellcasting
 * Level 1.7 Conjurations
 * Level 3.0 Fire Magic


You had 4 spell levels left.
You knew the following spells:

 Your Spells              Type           Power        Failure   Level  Hunger
a - Flame Tongue          Conj/Fire      #....        8%          1    N/A
b - Conjure Flame         Conj/Fire      #.......     22%         3    N/A

Dungeon Overview and Level Annotations

Branches:
Dungeon (4/15)
 Temple: D:4-7

Altars:
Uskayaw
Xom

Annotations:
D:4 Kairos's ghost, amateur DDMo; Sigmund


Innate Abilities, Weirdness & Mutations

You do not eat or drink.
Your flesh is vulnerable to fire.
You are immune to poison.
Your flesh is cold resistant. (rC+)
You are immune to negative energy. (rN+++)
You are immune to unholy pain and torment.
You can survive without breathing.


Message History

The flame tongue hits the worker ant.
The worker ant is severely wounded.
The worker ant closely misses you.
Casting: Flame Tongue (safe; 8% risk of failure)
Confirm with . or Enter, or press ? or * to list all spells.
Aiming: Flame Tongue (safe; 8% risk of failure)
Press: ? - help, Shift-Dir - straight line, f/p - worker ant
Aim: a worker ant (severely wounded)
You miscast Flame Tongue.
You are very lightly contaminated with residual magic.
Nothing appears to happen.
The worker ant completely misses you.
Casting: Flame Tongue (safe; 8% risk of failure)
Confirm with . or Enter, or press ? or * to list all spells.
Aiming: Flame Tongue (safe; 8% risk of failure)
Press: ? - help, Shift-Dir - straight line, f/p - worker ant
Aim: a worker ant (severely wounded)
The flame tongue hits the worker ant.
The worker ant is almost dead.
The worker ant bites you.
You die...

#.# #.# #.# #.# #.# #.# #.#
##############.############
...............a@.........#
..)............>###########
...############## .### .#
.. .## .... ...<


You could see a worker ant.

Vanquished Creatures
  An adder (D:3)
  A dart slug (D:2)
  A leopard gecko (D:4)
  An orc (D:4)
  A bat (D:1)
  5 goblins
  5 hobgoblins
  2 jackals (D:2)
  4 frilled lizards
  2 kobolds
  A quokka skeleton (D:3)
  2 rats
26 creatures vanquished.

Notes
Turn   | Place    | Note
-------+----------+-------------------------------------------
     0 | D:1      | 4thArraOfDagon the Mummy Fire Elementalist began the quest for the Orb.
     0 | D:1      | Reached XP level 1. HP: 13/13 MP: 4/4
    36 | D:1      | Reached skill level 1 in Conjurations
   106 | D:1      | Reached XP level 2. HP: 3/19 MP: 0/5
   254 | D:2      | Found a shimmering altar of Xom.
   420 | D:3      | Reached XP level 3. HP: 15/24 MP: 3/7
   425 | D:3      | Learned a level 3 spell: Conjure Flame
   519 | D:4      | Found a hide-covered altar of Uskayaw.
   541 | D:4      | Noticed Kairos's ghost (amateur DDMo)
   545 | D:4      | Noticed Sigmund
   557 | D:3      | O
   560 | D:3      | Slain by a worker ant

Vault maps used:
D:1:      onia_arrival_pentagram
D:2:      fedhas_altar_fruit_tree, nicolae_overflow_crystal_walls,
          xom_teletrap_fun, elyvilon_altar_4
D:3:      lemuel_coloured_pillars_altar
D:4:      overflow_temple_1_default, uniq_pikel, uniq_sigmund, uniq_robin

Skill      XL: |  1  2  3 |
---------------+----------+-----
Conjurations   | 1 |  1.7
Spellcasting   | 3 |  3.2
Fire Magic     | 3 |  3.0
Dodging        | |  1.5
Stealth        | |  1.5

Action                   || total
-------------------------++-------
Melee: Unarmed           ||    28
       Mace              ||    10
 Cast: Flame Tongue      ||    37
Armor: Robe              ||     9
Dodge: Dodged            ||    44

Table legend:
 A = Spawn XP
 B = Non-spawn XP
 C = Spawn XP percentage of total XP
 D = Spawn monster count
 E = Non-spawn monster count
 F = Spawn count percentage of total count
 G = Total turns spent on level
                    A         B        C        D         E        F      G
               +---------+---------+-------+---------+---------+-------+---------
         Total |       0 |      58 |   0.0 |       0 |      26 |   0.0 |   560
               +---------+---------+-------+---------+---------+-------+---------
           D:1 |       0 |      23 |   0.0 |       0 |      14 |   0.0 |   254
           D:2 |       0 |       8 |   0.0 |       0 |       3 |   0.0 |   133
           D:3 |       0 |      21 |   0.0 |       0 |       7 |   0.0 |   136
           D:4 |       0 |       6 |   0.0 |       0 |       2 |   0.0 |    37
               +---------+---------+-------+---------+---------+-------+---------
